 Dungeon Crawl Stone Soup version 0.27.1 (webtiles) character file.

Game seed: 1519081668422465856

3108 Malachi the Cleaver (level 9, -4/82 HPs)
             Began as a Hill Orc Fighter on Sept 1, 2021.
             Was a Follower of Beogh.
             Slain by a sixfirhy (11 damage)
             ... on level 1 of the Abyss.
             The game lasted 00:13:13 (11202 turns).

Malachi the Cleaver (Hill Orc Fighter)             Turns: 11202, Time: 00:13:15

Health: -4/82      AC: 13    Str: 22    XL:     9   Next: 90%
Magic:  12/12      EV:  7    Int:  8    God:    Beogh [*.....]
Gold:   306        SH:  0    Dex: 10    Spells: 8/8 levels left

rFire    . . .     SeeInvis .   a - +1 war axe
rCold    . . .     Faith    .   (no shield)
rNeg     . . .     Spirit   .   j - +3 chain mail {Will+}
rPois    .         Reflect  .   (no helmet)
rElec    .         Harm     .   (no cloak)
rCorr    .         Rampage  .   n - +0 pair of gloves
Will     +....                  (no boots)
Stlth    ..........             (no amulet)
HPRegen  0.23/turn              (no ring)
MPRegen  0.13/turn              (no ring)

@: very slightly contaminated, invisible
A: no striking features
a: Renounce Religion


You were on level 1 of the Abyss.
You worshipped Beogh.
Beogh was aware of your devotion.
You visited 1 branch of the dungeon, and saw 8 of its levels.
You visited the Abyss 1 time.

You collected 306 gold pieces.

Inventory:

Hand Weapons
 a - a +1 war axe (weapon)
 s - a +0 whip of electrocution
Missiles
 d - a throwing net
 q - 7 javelins (quivered)
 r - 10 atropa-tipped darts
 v - 39 poisoned darts
Armour
 c - a +0 kite shield
 h - a +4 ring mail of poison resistance
 j - a +3 chain mail of willpower (worn)
 n - a +0 pair of gloves (worn)
Jewellery
 i - a ring of wizardry
Wands
 b - a wand of polymorph (5)
 u - a wand of mindburst (9)
Scrolls
 e - 2 scrolls of immolation
 f - 3 scrolls of fear
Potions
 g - 2 potions of flight
 k - 2 potions of brilliance
 l - 5 potions of curing
 t - a potion of cancellation {unknown}


   Skills:
 + Level 8.4 Fighting
 * Level 12.0 Axes
 - Level 3.2 Armour
 + Level 7.6 Shields
 + Level 5.1 Invocations


You had 8 spell levels left.
You didn't know any spells.
Your spell library contained the following spells:

 Spells                   Type           Power      Damage    Failure   Level
 Beastly Appendage        Tmut           0%         N/A       98%         1
 Slow                     Hex            0%         N/A       99%         2
 Wereblood                Tmut           0%         N/A       99%         2
 Call Canine Familiar     Summ           0%         N/A       100%        3
 Confusing Touch          Hex            0%         N/A       100%        3
 Portal Projectile        Hex/Tloc       0%         N/A       100%        3
 Spider Form              Tmut/Pois      0%         N/A       100%        3
 Vampiric Draining        Necr           0%         2d6       100%        3
 Leda's Liquefaction      Hex/Erth       0%         N/A       100%        4


Dungeon Overview and Level Annotations

Branches:
Dungeon (8/15)             Temple (0/1) D:5
   Lair: D:8-11

Altars:
Vehumet

Annotations:
D:2 Sigmund
D:7 3 runed translucent doors, exclusion: 3 doors, mys's ghost, novice DrTm
D:8 Psyche


Message History

You barely miss Psyche. Psyche hits you but does no damage.
You are cast into the Abyss!
To return, you must find a gate leading back.
Killing monsters will force the Abyss to allow you passage.
This branch contains the abyssal rune of Zot.
Found 49 gold pieces.
No target in view!
No target in view!
No target in view!
Unknown command.
Found 4 gold pieces, 7 atropa-tipped darts and a long glass wand.
You now have 302 gold pieces (gained 49).
You now have 306 gold pieces (gained 4).
r - 10 atropa-tipped darts (gained 7)
You feel less attractive to monsters.
A sixfirhy comes into view.
The sixfirhy hits you but does no damage.
A large abomination comes into view.
The sixfirhy barely misses you. The sixfirhy hits you! The sixfirhy shocks you!
A large abomination comes into view.
The sixfirhy barely misses you. x2
Found a scale mail and 29 gold pieces.
Unknown command.
The sixfirhy hits you! The sixfirhy shocks you!
The sixfirhy hits you but does no damage.
The sixfirhy hits you. The sixfirhy shocks you! The sixfirhy hits you.
The sixfirhy shocks you!
* * * LOW HITPOINT WARNING * * *
You see here a wand of paralysis (6).
Blink to where?
Press: ? - help, Dir - move target
As you read the scroll of blinking, it crumbles to dust.
The sixfirhy hits you.
* * * LOW HITPOINT WARNING * * *
The sixfirhy shocks you!
* * * LOW HITPOINT WARNING * * *
The sixfirhy closely misses you. The sixfirhy hits you.
* * * LOW HITPOINT WARNING * * *
The sixfirhy shocks you!
You die...

X#.. . . ..#[.......
..+........# .#........#
. ........... ..
..#....... #. ##.##.#.#.
###. ## #.♣..
..#.###..##.###..#
#.3#.#........3@.......
#../.......#..###......
..............#...#....#
.........$##..#..#.#..#.
#..##.#.....###.... .#
... #.#.##.# ###.. # ##.
#..##.# .## .# #.#### ≈
# .


You could see a sixfirhy.

Vanquished Creatures
  Harold (D:7)
  A steam dragon (D:6)
  A water moccasin (D:6)
  Duvessa (D:6)
  A black bear (D:7)
  A hornet zombie (D:7)
  A sky beast (D:7)
  2 ogres
  An ice beast (D:6)
  A necrophage (D:5)
  A phantom (D:5)
  2 kobold brigands
  2 bullfrogs
  2 wyvern zombies
  A scorpion (D:5)
  Dowan (D:6)
  A water moccasin skeleton (D:7)
  A howler monkey (D:6)
  A crimson imp (D:8)
  A centaur zombie (D:6)
  A jelly (D:7)
  An orc priest (D:6)
  2 hounds (D:5)
  Jessica (D:2)
  A bullfrog skeleton (D:5)
  Natasha (thrice) (D:3)
  Terence (D:2)
  3 iguanas
  3 orc wizards
  2 killer bee zombies
  14 gnolls
  4 adders
  A shadow imp (D:7)
  3 white imps
  3 worms
  2 dart slugs
  14 orcs
  6 ball pythons
  10 endoplasms
  3 giant cockroaches
  4 goblins
  8 hobgoblins
  3 jackals (D:2)
  18 kobolds
  4 quokkas
  3 bats
  A frilled lizard (D:3)
  A quokka skeleton (D:4)
  5 rats
149 creatures vanquished.

Vanquished Creatures (others)
  An orc priest (D:5)
  14 plants (D:3)
15 creatures vanquished.

Grand Total: 164 creatures vanquished

Notes
Turn   | Place    | Note
-------+----------+-------------------------------------------
     0 | D:1      | Malachi the Hill Orc Fighter began the quest for the Orb.
     0 | D:1      | Reached XP level 1. HP: 19/19 MP: 1/1
   100 | D:1      | Reached skill level 3 in Axes
   146 | D:1      | Reached XP level 2. HP: 25/26 MP: 2/2
   221 | D:1      | Reached skill level 4 in Axes
   524 | D:1      | Reached XP level 3. HP: 20/33 MP: 3/3
  1152 | D:2      | Noticed Jessica
  1157 | D:2      | Killed Jessica
  1158 | D:2      | Reached skill level 5 in Axes
  1158 | D:2      | Reached XP level 4. HP: 32/40 MP: 4/4
  1390 | D:2      | Noticed Terence
  1398 | D:2      | Killed Terence
  1474 | D:2      | Reached XP level 5. HP: 13/46 MP: 5/5
  1935 | D:2      | Noticed Sigmund
  3207 | D:3      | Reached skill level 6 in Axes
  3930 | D:3      | Noticed Natasha
  3939 | D:3      | Killed Natasha
  4064 | D:3      | Noticed Natasha
  4069 | D:3      | Killed Natasha
  4070 | D:3      | Reached XP level 6. HP: 44/53 MP: 6/6
  4082 | D:3      | Noticed Natasha
  4093 | D:3      | Killed Natasha
  4503 | D:4      | Found a radiant altar of Vehumet.
  4514 | D:4      | Reached skill level 5 in Fighting
  5033 | D:5      | Entered Level 5 of the Dungeon
  5065 | D:5      | Noticed a necrophage
  5070 | D:5      | Killed a necrophage
  5071 | D:5      | Reached skill level 7 in Axes
  5194 | D:5      | Reached XP level 7. HP: 39/61 MP: 7/7
  5326 | D:5      | Reached skill level 5 in Shields
  5350 | D:5      | Reached skill level 8 in Axes
  5571 | D:5      | Found a staircase to the Ecumenical Temple.
  5616 | D:5      | Became a worshipper of Beogh the Brigand
  6545 | D:6      | Reached XP level 8. HP: 42/70 MP: 8/8
  6713 | D:6      | Reached skill level 9 in Axes
  7143 | D:6      | Noticed Dowan
  7155 | D:6      | Killed Dowan
  7157 | D:6      | Noticed Duvessa
  7408 | D:6      | Killed Duvessa
  7828 | D:6      | Reached skill level 10 in Axes
  7828 | D:6      | Reached skill level 1 in Invocations
  8865 | D:7      | Reached XP level 9. HP: 72/79 MP: 10/10
  9350 | D:7      | Reached skill level 11 in Axes
  9601 | D:7      | Found a runed translucent gate.
  9601 | D:7      | Found a runed translucent gate.
  9603 | D:7      | Found a runed translucent gate.
  9618 | D:7      | Noticed mys's ghost (novice DrTm)
  9664 | D:7      | Noticed Harold
  9692 | D:7      | Killed Harold
 10067 | D:7      | Reached * piety under Beogh
 10369 | D:8      | Reached skill level 12 in Axes
 10369 | D:8      | Reached skill level 5 in Invocations
 11153 | D:8      | Noticed Psyche
 11167 | D:8      | Cast into level 1 of the Abyss (Psyche)
 11184 | Abyss:1  | Noticed a sixfirhy
 11190 | Abyss:1  | Noticed a large abomination
 11202 | Abyss:1  | Slain by a sixfirhy

Illustrated notes

Levels and vault maps discovered:
D:1:      dpeg_arrival_three_smaller_balls, layout_basic, minmay_hedge_maze,
          minmay_misc_feat_doors, minmay_bisected
D:2:      layout_basic, minmay_crystal_room, st_stairs_9,
          kennysheep_big_empty_room, uniq_jessica, uniq_sigmund, uniq_terence
D:3:      layout_basic, serial_bayou, serial_bayou_ford_a, serial_bayou_lake_a,
          serial_bayou_crossing, serial_bayou_pond_d, uniq_natasha
D:4:      layout_rooms, mainiacjoe_overflow_concentric_impassable
D:5:      layout_basic, minmay_temple_entry_statues_fountains
D:6:      layout_basic, roderic_lattice_a, uniq_duvessa
D:7:      layout_loops_cross, gammafunk_ghost_necromancy, uniq_harold
D:8:      layout_gridville, grunt_decor_mini_mirrors, minmay_fire_ice_demons,
          uniq_gastronok, uniq_psyche
Abyss:1:  base:
D:4

Skill      XL: |  1  2  3  4  5  6  7  8  9 |
---------------+----------------------------+-----
Axes           | 3 4 5 6 7 8 10 12 | 12.0
Fighting       | 4 5 6 7 8 |  8.4
Shields        | 4 5 6 7 |  7.6
Invocations    | 2 5 |  5.1
Armour         | |  3.2

Action                   |  1- 3 |  4- 6 |  7- 9 || total
-------------------------+-------+-------+-------++-------
Melee: War axe           |    75 |   169 |   328 ||   572
Invok: Convert to Beogh  |       |       |     1 ||     1
  Use: Potion            |       |     2 |     6 ||     8
       Scroll            |       |     5 |    11 ||    16
Armor: Scale mail        |    41 |     5 |       ||    46
       Chain mail        |       |    94 |   183 ||   277
       Skin              |       |       |     3 ||     3
Dodge: Dodged            |    39 |    67 |    97 ||   203
